 Dungeon Crawl Stone Soup version 0.31.0-9-g3a7656b989 (webtiles) character file.

Game seed: 11915870061115541423

2072 quinnr the Destroyer (level 9, -14/52 HPs)
             Began as a Tengu Air Elementalist on Jan 23, 2024.
             Was a Follower of Vehumet.
             Shot with a bolt by an orc warrior (18 damage)
             ... in a bailey on Jan 24, 2024.
             The game lasted 00:17:30 (8320 turns).

quinnr the Destroyer (Tengu Air Elementalist)       Turns: 8320, Time: 00:17:31

Health: -14/52     AC:  7    Str:  8    XL:     9   Next: 26%
Magic:  7/16       EV: 17    Int: 20    God:    Vehumet [*.....]
Gold:   278        SH:  0    Dex: 15    Spells: 11/16 levels left

rFire   . . .        (no weapon)
rCold   . . .        (no shield)
rNeg    . . .        o - +1 robe {Will+}
rPois   .            (helmet restricted)
rElec   .            s - +2 cloak
rCorr   .            r - +0 pair of gloves
SInv    .            (boots unavailable)
Will    +....        (no amulet)
Stlth   ++           (no ring)
HPRegen 0.28/turn    (no ring)
MPRegen 0.15/turn

%: acrobat
@: flying
A: beak, talons 3, evasive flight, acrobatic
a: Renounce Religion


You were in a bailey.
You worshipped Vehumet.
Vehumet was aware of your devotion.
You visited 2 branches of the dungeon, and saw 8 of its levels.
You also visited: Bailey.

You collected 278 gold pieces.


Innate Abilities, Weirdness & Mutations

You have a beak for a mouth.
You have claws for feet.
Your magical flight helps you evade attacks. (EV +4)
You can magically evade attacks while moving or waiting.


   Skills:
 + Level 4.1 Fighting
 - Level 3.0 Throwing
 - Level 3.0 Dodging
 - Level 3.0 Stealth
 - Level 4.0 Spellcasting
 - Level 9.0 Conjurations
 - Level 9.0 Air Magic
 - Level 2.0 Evocations


You had 11 spell levels left.
You knew the following spells:

 Your Spells              Type           Power      Damage    Failure   Level
s - Searing Ray           Conj           80%        2d7       1%          2
t - Static Discharge      Conj/Air       80%        3-7/arc   1%          2
z - Shock                 Conj/Air       100%       1d9       1%          1

Your spell library contained the following spells:

 Spells                   Type           Power      Damage    Failure   Level
 Sandblast                Erth           8%         2d5       13%         1
 Magic Dart               Conj           100%       1d8       1%          1
 Sting                    Conj/Alch      88%        1d8       1%          1
 Swiftness                Air            40%        N/A       1%          3
 Airstrike                Air            20%        2d(3-19)  3%          4
 Arcjolt                  Conj/Air       20%        1d30      9%          5
 Apportation              Tloc           8%         N/A       13%         1
 Necrotise                Necr           16%        1d4       13%         1
 Summon Small Mammal      Summ           16%        N/A       13%         1
 Fulminant Prism          Conj/Alch      11%        3d8       21%         4
 Vhi's Electric Charge    Tloc/Air       44%        N/A       21%         4
 Plasma Beam              Fire/Air       11%        2x1d22    97%         6

Inventory:

Hand Weapons
 u - a +2 quarterstaff of chaos
Missiles
 f - 10 javelins
Armour
 a - a +0 robe
 o - a +1 robe of willpower (worn)
 r - a +0 pair of gloves (worn)
 s - a +2 cloak (worn)
Jewellery
 q - an amulet of reflection
Wands
 t - a wand of polymorph (2)
Scrolls
 g - a scroll of immolation
 j - a scroll of brand weapon
 l - 4 scrolls of teleportation {@r2}
 n - a scroll of vulnerability
Potions
 b - a potion of magic
 c - 4 potions of curing {@q1}
 d - 2 potions of lignification {unknown}
 e - a potion of might {unknown}
 h - a potion of brilliance {unknown}
 i - a potion of degeneration {unknown}
 k - a potion of resistance
 m - 2 potions of enlightenment {unknown}
 v - a potion of mutation {unknown}
 w - a potion of cancellation {unknown}

Dungeon Overview and Level Annotations

Branches:
Dungeon (7/15)             Temple (1/1) D:4          Bailey (1/1)

Altars:
Ashenzari
Dithmenos
Elyvilon
Gozag
Hepliaklqana
Kikubaaqudgha
Makhleb
Nemelex Xobeh
Okawaru
Qazlal
Sif Muna
Trog
Uskayaw
Vehumet
Wu Jian
Xom
Yredelemnul
Zin
The Shining One

Shops:
D:2

: #............▒▒
#............▒
#............▒
#............▒
#............▒
#............▒▒.
#................▒
#.......o........▒
#......≈@)≈≈≈....▒
#.....≈≈▒.▒▒≈....▒▒
#.....≈▒▒.∩▒≈......
#.....≈▒...........
#.....≈▒▒.▒▒≈......
#....o≈≈▒▒▒≈≈......
#......≈≈≈≈≈.......
#.......o..o.......
#..................


You could see 2 orc warriors.


Message History

You feel your power returning.
The orc warrior is struck by an arc of lightning.
The orc warrior is lightly wounded.
You are struck by an arc of lightning.
The orc warrior is struck by an arc of lightning.
The orc warrior is moderately wounded.
You are struck by an arc of lightning.
* * * LOW HITPOINT WARNING * * *
The lightning grounds out.
The orc warrior is struck by an arc of lightning.
The orc warrior is heavily wounded.
You are struck by an arc of lightning.
* * * LOW HITPOINT WARNING * * *
The orc warrior is struck by an arc of lightning.
The orc warrior is severely wounded.
You are struck by an arc of lightning.
* * * LOW HITPOINT WARNING * * *
The lightning grounds out.
Unknown command.
Unknown command.
Casting: Static Discharge (safe; 1% risk of failure)
Confirm with . or Enter, or press ? or * to list all spells.
The orc warrior is struck by an arc of lightning!
The orc warrior is almost dead.
You are struck by an arc of lightning.
* * * LOW HITPOINT WARNING * * *
The lightning grounds out.
The orc warrior hits you.
* * * LOW HITPOINT WARNING * * *
The orc warrior shoots a bolt.
The bolt hits you!!
You die...

Skill      XL: |  1  2  3  4  5  6  7  8  9 |
---------------+----------------------------+-----
Air Magic      | 5 6 8 9 |  9.0
Conjurations   | 2 5 7 8 9 |  9.0
Spellcasting   | 3 4 |  4.0
Fighting       | 3 4 |  4.1
Throwing       | 3 |  3.0
Dodging        | 3 |  3.0
Stealth        | 3 |  3.0
Evocations     | 2 |  2.0

Action                     |  1- 3 |  4- 6 |  7- 9 || total
---------------------------+-------+-------+-------++-------
  Melee: Unarmed           |     7 |     2 |     1 ||    10
         Kick              |     2 |       |       ||     2
         Peck              |     1 |       |     1 ||     2
  Throw: Javelin           |       |       |     4 ||     4
   Cast: Shock             |    73 |   152 |    71 ||   296
         Searing Ray       |       |     5 |    28 ||    33
         Static Discharge  |       |     2 |    24 ||    26
    Use: Scroll            |       |     9 |     2 ||    11
         Potion            |       |       |     1 ||     1
 Armour: Robe              |     6 |    18 |    57 ||    81
  Dodge: Dodged            |    30 |    20 |    52 ||   102

Levels and vault maps discovered:
D:1:      amcnicky_arrival_wind_blow, layout_rooms
D:2:      minmay_recursive_quarters, layout_loops_ring, serial_shops, shop,
          hellmonk_ecumenical_altar_zigzags
D:3:      cheibrodos_pilgrimage, layout_basic, dreamdust_divine_triumvirate,
          mainiacjoe_overflow_tiny_flanked, mainiacjoe_overflow_boulevard,
          kiku_gazebo_pond_becter, brannock_xom_greatest_gift
D:4:      layout_loops_corners, overflow_temple_1_default,
          minmay_temple_entry_crystal_x, uniq_natasha
D:5:      layout_rooms, uniq_crazy_yiuf_cottage, uniq_sigmund,
          uniq_blork_the_orc
D:6:      kennysheep_steamy, layout_rooms, mainiacjoe_overflow_alcove_4,
          serial_glass, glass_columns_c, glass_columns_b
D:7:      layout_basic, gammafunk_ghost_smash, enter_bailey_3,
          hangedman_decor_points, minmay_manual_monstrance
Temple:   compressed_dpeg_circular_temple
Bailey:   bailey_polearm_2, bailey

Notes
Turn   | Place    | Note
-------+----------+-------------------------------------------
     0 | D:1      | quinnr the Tengu Air Elementalist began the quest for the
                  | Orb.
     0 | D:1      | Reached XP level 1. HP: 10/10 MP: 4/4
   192 | D:1      | Reached XP level 2. HP: 15/15 MP: 3/6
   337 | D:1      | Reached skill level 5 in Air Magic
   746 | D:1      | Reached XP level 3. HP: 19/19 MP: 2/7
  1174 | D:2      | Found a faded altar of an unknown god.
  1218 | D:2      | Reached skill level 6 in Air Magic
  1332 | D:2      | Reached XP level 4. HP: 24/24 MP: 4/8
  1406 | D:2      | Upgraded the game from 0.31.0-7-gf635a9b802 to
                  | 0.31.0-9-g3a7656b989
  1908 | D:2      | Learned a level 2 spell: Static Discharge
  1911 | D:2      | Learned a level 2 spell: Searing Ray
  1945 | D:2      | Reached skill level 2 in Conjurations
  2451 | D:2      | Found Nugyagu's Book Emporium.
  2489 | D:3      | Found a shimmering altar of Xom.
  2549 | D:3      | Found a white marble altar of Elyvilon.
  2550 | D:3      | Found a glowing golden altar of the Shining One.
  2550 | D:3      | Found a glowing silver altar of Zin.
  2613 | D:3      | Reached XP level 5. HP: 28/28 MP: 6/9
  2657 | D:3      | Found a bloodstained altar of Trog.
  2707 | D:3      | Reached skill level 3 in Conjurations
  2726 | D:3      | Found an ancient bone altar of Kikubaaqudgha.
  2957 | D:3      | Found a sparkling altar of Nemelex Xobeh.
  3729 | D:3      | Reached skill level 4 in Conjurations
  3731 | D:3      | Reached skill level 5 in Conjurations
  4154 | D:4      | Reached XP level 6. HP: 32/32 MP: 6/10
  4672 | D:4      | Found a staircase to the Ecumenical Temple.
  4690 | D:4      | Reached skill level 6 in Conjurations
  4694 | Temple   | Entered the Ecumenical Temple
  4725 | Temple   | Became a worshipper of Vehumet
  4914 | D:4      | Found a broken altar of Ashenzari.
  5081 | D:4      | Noticed Natasha
  5089 | D:4      | Killed Natasha
  5409 | D:5      | Entered Level 5 of the Dungeon
  5441 | D:5      | Reached skill level 7 in Conjurations
  5559 | D:5      | Reached skill level 3 in Spellcasting
  5559 | D:5      | Gained mutation: Your magical flight helps you evade
                  | attacks. (EV +4) [Tengu growth]
  5559 | D:5      | Reached XP level 7. HP: 36/36 MP: 2/12
  5646 | D:5      | Noticed Sigmund
  5662 | D:5      | Killed Sigmund
  5663 | D:5      | Reached skill level 4 in Spellcasting
  5663 | D:5      | Reached skill level 1 in Fighting
  5821 | D:5      | Reached skill level 2 in Fighting
  5883 | D:5      | Reached skill level 3 in Fighting
  6031 | D:5      | Reached XP level 8. HP: 46/48 MP: 6/15
  6155 | D:5      | Reached skill level 4 in Fighting
  6155 | D:5      | Reached skill level 1 in Throwing
  6319 | D:5      | Found a runed translucent door.
  6320 | D:5      | Noticed Crazy Yiuf
  6500 | D:5      | Noticed Blork the orc
  6519 | D:5      | Killed Blork the orc
  6625 | D:5      | Reached skill level 3 in Dodging
  6748 | D:5      | Reached skill level 2 in Throwing
  6830 | D:5      | Killed Crazy Yiuf
  6831 | D:5      | Reached skill level 3 in Stealth
  6998 | D:6      | Reached skill level 3 in Throwing
  7162 | D:6      | Reached skill level 1 in Evocations
  7197 | D:6      | Reached * piety under Vehumet
  7197 | D:6      | Offered knowledge of Sandblast by Vehumet.
  7334 | D:6      | Reached skill level 7 in Air Magic
  7501 | D:6      | Reached skill level 2 in Evocations
  7802 | D:6      | Found a burning altar of Makhleb.
  7858 | D:6      | Reached skill level 8 in Conjurations
  7858 | D:6      | Reached skill level 8 in Air Magic
  7858 | D:6      | Reached XP level 9. HP: 47/52 MP: 8/16
  8044 | D:7      | Identified a potion of resistance
  8050 | D:7      | Found a flagged portal.
  8069 | Bailey   | Entered a bailey
  8316 | Bailey   | Reached skill level 9 in Conjurations
  8316 | Bailey   | Reached skill level 9 in Air Magic
  8320 | Bailey   | HP: 4/52 [orc warrior (6)]
  8320 | Bailey   | Shot with a bolt by an orc warrior

Vanquished Creatures
  Sigmund (D:5)
  A steam dragon (D:6)
  4 orc warriors
  An ice beast (D:5)
  A sky beast (D:6)
  An ogre (D:6)
  A centaur (D:5)
  2 phantoms (D:5)
  Blork the orc (D:5)
  Crazy Yiuf (D:5)
  A hound (D:4)
  8 orc priests
  A jelly (D:5)
  Natasha (D:4)
  2 sleepcaps
  An iguana (D:4)
  6 orc wizards
  3 gnolls (D:2)
  10 adders
  A white imp (D:5)
  2 ufetubi (D:6)
  3 dart slugs
  2 ribbon worms
  30 orcs
  12 ball pythons
  10 endoplasms
  3 giant cockroaches (D:3)
  12 goblins
  5 hobgoblins
  4 jackals (D:3)
  4 quokkas
  6 bats
  5 frilled lizards
  6 kobolds
  7 rats
159 creatures vanquished.

Table legend: (Time is in decaauts)
 A = Elapsed time spent in this place.
 B = Non-inter-level travel time spent in this place.
 C = Inter-level travel time spent in this place.
 D = Time resting spent in this place.
 E = Time spent auto-exploring this place.
 F = Levels seen in this place.
 G = Mean time per level.
                   A        B        C        D        E       F      G
               +--------+--------+--------+--------+--------+-----+--------+
         Total |   8327 |   7928 |    399 |    782 |   5907 |   9 |  925.2 |
       Dungeon |   8030 |   7646 |    384 |    626 |   5905 |   7 | 1147.1 |
        Temple |     46 |     31 |     15 |      0 |      0 |   1 |   46.0 |
        Bailey |    250 |    250 |      0 |    156 |      2 |   1 |  250.0 |
               +--------+--------+--------+--------+--------+-----+--------+

Top non-repeatable levels by time:
     D:4: 1576 daAuts
     D:2: 1502 daAuts
     D:5: 1451 daAuts
     D:3: 1412 daAuts
     D:1: 1139 daAuts
     D:6: 922 daAuts
  Bailey: 250 daAuts
  Temple: 46 daAuts
     D:7: 26 daAuts

Table legend:
 A = Non-vault XP
 B = Vault XP
 C = Vault XP percentage of total XP
 D = Non-vault monster count
 E = Vault monster count
 F = Vault count percentage of total count
                 A         B        C        D         E       F
            +---------+---------+-------+---------+---------+-------
      Total |    1856 |    1104 |  37.3 |     133 |      26 |  16.4
            +---------+---------+-------+---------+---------+-------
        D:1 |      46 |       0 |   0.0 |      28 |       0 |   0.0
        D:2 |      79 |      38 |  32.5 |      19 |       8 |  29.6
        D:3 |      60 |      88 |  59.5 |      22 |       4 |  15.4
        D:4 |     135 |      39 |  22.4 |      17 |       1 |   5.6
        D:5 |     787 |     349 |  30.7 |      22 |       3 |  12.0
        D:6 |     656 |     172 |  20.8 |      20 |       1 |   4.8
        D:7 |      93 |       7 |   7.0 |       5 |       4 |  44.4
     Bailey |       0 |     411 | 100.0 |       0 |       5 | 100.0
            +---------+---------+-------+---------+---------+-------

Levels and vault maps discovered:
D:1:      amcnicky_arrival_wind_blow, layout_rooms
D:2:      minmay_recursive_quarters, layout_loops_ring, serial_shops, shop,
          hellmonk_ecumenical_altar_zigzags
D:3:      cheibrodos_pilgrimage, layout_basic, dreamdust_divine_triumvirate,
          mainiacjoe_overflow_tiny_flanked, mainiacjoe_overflow_boulevard,
          kiku_gazebo_pond_becter, brannock_xom_greatest_gift
D:4:      layout_loops_corners, overflow_temple_1_default,
          minmay_temple_entry_crystal_x, uniq_natasha
D:5:      layout_rooms, uniq_crazy_yiuf_cottage, uniq_sigmund,
          uniq_blork_the_orc
D:6:      kennysheep_steamy, layout_rooms, mainiacjoe_overflow_alcove_4,
          serial_glass, glass_columns_c, glass_columns_b
D:7:      layout_basic, gammafunk_ghost_smash, enter_bailey_3,
          hangedman_decor_points, minmay_manual_monstrance
Temple:   compressed_dpeg_circular_temple
Bailey:   bailey_polearm_2, bailey
